 Dungeon Crawl Stone Soup version 0.31.0-11-ge490571c62 (webtiles) character file.

Game seed: 9302023030541771837

60 qw the Shooter (level 3, -2/20 HPs)
             Began as a Deep Elf Hunter on Feb 4, 2024.
             Blown up by Ijyb (9 damage)
             ... with a mindburst bolt
             ... on level 3 of the Dungeon.
             The game lasted 00:00:05 (1653 turns).

qw the Shooter (Deep Elf Hunter)                    Turns: 1653, Time: 00:00:06

Health: -2/20      AC:  4    Str: 10    XL:     3   Next: 82%
Magic:  5/5        EV: 12    Int: 13    God:
Gold:   108        SH:  0    Dex: 18    Spells: 2/2 levels left

rFire   . . .        a - +0 shortbow
rCold   . . .        (shield currently unavailable)
rNeg    . . .        c - +0 leather armour
rPois   .            (no helmet)
rElec   .            e - +0 cloak
rCorr   .            (no gloves)
SInv    .            (no boots)
Will    .....        (no amulet)
Stlth   ++           (no ring)
HPRegen 0.23/turn    (no ring)
MPRegen 0.09/turn

%: no passive effects
@: lethally poisoned (-2 -> -15)
A: no striking features
a: no special abilities


You were on level 3 of the Dungeon.
You visited 1 branch of the dungeon, and saw 3 of its levels.

You collected 108 gold pieces.


   Skills:
 - Level 1.5 Fighting
 + Level 7.3 Ranged Weapons
 - Level 2.4 Dodging
 - Level 1.2 Stealth


You had 2 spell levels left.
You didn't know any spells.
Your spell library was empty.

Inventory:

Hand Weapons
 a - a +0 shortbow (weapon)
Armour
 c - a +0 leather armour (worn)
 e - a +0 cloak (worn)
Potions
 b - a potion of mutation
 f - a potion of berserk rage {unknown}
 g - a potion of degeneration {unknown}
 h - 2 potions of curing
 i - a potion of heal wounds
 j - a potion of magic {unknown}
 k - a potion of invisibility {unknown}

Dungeon Overview and Level Annotations

Branches:
Dungeon (3/15)

Altars:

Annotations:
D:3 Ijyb


Message History

You shoot an arrow. The arrow hits the orc!
You kill the orc!
An endoplasm comes into view.
You shoot an arrow. The arrow hits the endoplasm.
The endoplasm quivers.
The endoplasm is almost dead.
You shoot an arrow. The arrow hits the endoplasm!
You kill the endoplasm!
You now have 91 gold pieces (gained 14).
Found a stone staircase leading down.
A rat comes into view.
You shoot an arrow. The arrow hits the rat.
You kill the rat!
You now have 98 gold pieces (gained 7).
You now have 108 gold pieces (gained 10).
Ijyb the Twisted Goblin comes into view.
She is wielding a +0 dagger of venom and carrying a wand of mindburst.
Found 5 stones.
You shoot an arrow. The arrow hits Ijyb.
Ijyb shouts!
Ijyb is lightly wounded.
An adder comes into view.
You shoot an arrow. The arrow barely misses Ijyb.
You shoot an arrow. The arrow misses Ijyb.
You shoot an arrow. The arrow hits Ijyb.
Ijyb is moderately wounded.
You shoot an arrow. The arrow hits Ijyb but does no damage.
Ijyb is moderately wounded.
Ijyb hits you with a +0 dagger of venom.
You are poisoned.
Ijyb screams, "Die!"
Ijyb hits you but does no damage.
You shoot an arrow. The arrow hits Ijyb but does no damage.
Ijyb is moderately wounded.
You feel very sick.
Ijyb hits you with a +0 dagger of venom.
You are lethally poisoned!
You shoot an arrow. The arrow closely misses Ijyb.
You feel very sick.
Ijyb zaps a wand.
Your mind is blasted!
You die...

.. #( .. #.
#. ## #S ...
#g####.>%#
#.@..##..#
####.##..#
#.......#
#.###.......#
#...........#
#####.......#
#.......#
####.##..#
.....##..#


You could see Ijyb and an adder.

Vanquished Creatures
  2 adders (D:2)
  A dart slug (D:1)
  2 orcs (D:3)
  4 ball pythons
  2 endoplasms
  A giant cockroach (D:1)
  5 goblins
  2 hobgoblins (D:1)
  5 kobolds
  3 quokkas (D:1)
  3 bats
  3 frilled lizards
  4 rats
37 creatures vanquished.

Notes
Turn   | Place    | Note
-------+----------+-------------------------------------------
     0 | D:1      | qw the Deep Elf Hunter began the quest for the Orb.
     0 | D:1      | Reached XP level 1. HP: 12/12 MP: 3/3
     0 | D:1      | 0 ||| qw: Version: 0.3-a-160-g6735b56
     0 | D:1      | 0 ||| qw: Game counter: 5239
     0 | D:1      | 0 ||| qw: Melee chars always use a shield: true
     0 | D:1      | 0 ||| qw: God list: Okawaru
     0 | D:1      | 0 ||| qw: Allow faded altars: false
     0 | D:1      | 0 ||| qw: Do Orc after clearing Dungeon:15 true
     0 | D:1      | 0 ||| qw: Do second Lair branch before Depths: true
     0 | D:1      | 0 ||| qw: Lair rune preference: random
     0 | D:1      | 0 ||| qw: Goals: Normal
     0 | D:1      | 0 ||| PLANNING D:1-11
   144 | D:1      | Reached XP level 2. HP: 16/16 MP: 4/4
   200 | D:1      | Reached skill level 6 in Ranged Weapons
   926 | D:1      | Found a faded altar of an unknown god.
   934 | D:1      | 934 ||| UPGRADING to +0 cloak.
   939 | D:1      | 939 ||| READING scroll labelled SOTHRE DAAQAE.
   942 | D:1      | 942 ||| DRINKING 2 fizzy grey potions.
   943 | D:1      | 943 ||| DROPPING scroll of butterflies.
   959 | D:2      | 959 ||| STAIRDANCE
  1084 | D:2      | HP: 4/16 [poisoned by an adder]
  1085 | D:2      | 1085 ||| READING scroll of teleportation.
  1087 | D:2      | Reached XP level 3. HP: 3/20 MP: 5/5
  1503 | D:2      | Reached skill level 7 in Ranged Weapons
  1577 | D:2      | 1577 ||| DROPPING ring of wizardry.
  1578 | D:2      | 1578 ||| READING scroll labelled LIDIEMIQACOT.
  1578 | D:2      | 1578 ||| IDENTIFYING fuming dark potion
  1579 | D:2      | 1579 ||| DRINKING 2 fizzy brown potions.
  1646 | D:3      | Noticed Ijyb
  1653 | D:3      | Blown up by Ijyb

Levels and vault maps discovered:
D:1:      arrival_zaba_pyramid, layout_loops_corners,
          dreamdust_ecumenical_altar_hidden_monk_grotto, solitary_fountain,
          st_stairs_1, minmay_split_cup_small
D:2:      layout_loops_cross
D:3:      layout_loops_ring, mainiacjoe_overflow_cross_hatched,
          gammafunk_temple_overflow_elements, serial_shops, shop,
          grunt_decor_mini_mirrors, uniq_ijyb, uniq_grinder

Skill      XL: |  1  2  3 |
---------------+----------+-----
Ranged Weapons | 6 7 |  7.3
Fighting       | |  1.5
Dodging        | |  2.4
Stealth        | |  1.2

Action                     || total
---------------------------++-------
   Fire: Shortbow          ||   105
    Use: Scroll            ||     3
         Potion            ||     2
 Armour: Leather armour    ||    24
  Dodge: Dodged            ||    28

Table legend:
 A = Non-vault XP
 B = Vault XP
 C = Vault XP percentage of total XP
 D = Non-vault monster count
 E = Vault monster count
 F = Vault count percentage of total count
                 A         B        C        D         E       F
            +---------+---------+-------+---------+---------+-------
      Total |      78 |       9 |  10.3 |      32 |       5 |  13.5
            +---------+---------+-------+---------+---------+-------
        D:1 |      25 |       9 |  26.5 |      15 |       5 |  25.0
        D:2 |      42 |       0 |   0.0 |      12 |       0 |   0.0
        D:3 |      11 |       0 |   0.0 |       5 |       0 |   0.0
            +---------+---------+-------+---------+---------+-------
